 Dungeon Crawl Stone Soup version 0.24.0-123-gd5b16e6ec5 (webtiles) character file.

Game seed: 4523299202732990416, levelgen mode: deterministic

1121 Iamsoldier the Ruffian (level 8, -1/79 HPs)
             Began as a Troll Berserker on Dec 17, 2019.
             Was a Priest of Trog.
             Slain by a moth of wrath (17 damage)
             ... on level 7 of the Dungeon.
             The game lasted 00:05:53 (4036 turns).

Iamsoldier the Ruffian (Troll Berserker)            Turns: 4036, Time: 00:05:53

Health: -1/79      AC:  8    Str: 27    XL:     8   Next: 12%
Magic:  7/7        EV: 11    Int:  6    God:    Trog [***...]
Gold:   403        SH:  0    Dex:  9    Spells: 7/7 levels left

rFire    . . .     SeeInvis .     - Unarmed
rCold    . . .     Gourm    +   (no shield)
rNeg     + . .     Faith    .   I - +2 robe of the Morning {Int+2}
rPois    +         Spirit   .   (helmet restricted)
rElec    .         Reflect  .   (no cloak)
rCorr    .         Harm     .   (gloves unavailable)
MR       ++...                  (boots unavailable)
Stlth    +.........             f - amulet of the acrobat
HPRegen  1.63/turn              D - ring of positive energy
MPRegen  0.10/turn              A - ring of poison resistance

@: berserk cooldown, regenerating, slowed, very slow
A: large, unfitting armour, claws 3, fast metabolism 3, gourmand, regeneration
1, shaggy fur 1, tough skin 3
a: Berserk, Trog's Hand, Renounce Religion


You were on level 7 of the Dungeon.
You worshipped Trog.
Trog was most pleased with you.
You were very full.

You visited 1 branch of the dungeon, and saw 7 of its levels.

You collected 403 gold pieces.

Inventory:

Missiles
 h - 5 silver boomerangs (quivered)
Armour
 a - a +0 animal skin
 I - the +2 robe of the Morning (worn) {Int+2}
   (You found it on level 6 of the Dungeon)

   It affects your intelligence (+2).
Jewellery
 f - an amulet of the acrobat (around neck)
 u - an uncursed ring of protection from cold
 A - a ring of poison resistance (right claw)
 D - a ring of positive energy (left claw)
 H - a cursed -2 ring of evasion {unknown}
Wands
 j - a wand of flame (44)
 y - a wand of iceblast (13)
 z - a wand of disintegration (13)
Scrolls
 d - 2 scrolls of blinking {unknown}
 i - a scroll of enchant weapon {unknown}
 n - 2 scrolls of remove curse {unknown}
 o - 3 scrolls of identify
 p - 2 scrolls of enchant armour {unknown}
 r - 4 scrolls of teleportation {unknown}
 s - a scroll of immolation {unknown}
 v - a scroll of noise {unknown}
 B - a scroll of magic mapping {unknown}
 F - a scroll of amnesia {unknown}
 G - a scroll of fog {unknown}
 J - a scroll of random uselessness {unknown}
Potions
 c - 2 potions of flight {unknown}
 e - 2 potions of heal wounds {unknown}
 g - a potion of resistance {unknown}
 k - a potion of agility {unknown}
 l - a potion of lignification {unknown}
 m - 4 potions of curing {unknown}
 q - a potion of invisibility {unknown}
 t - 4 potions of mutation {unknown}
 w - a potion of degeneration {unknown}
 x - a potion of berserk rage {unknown}
 C - 2 potions of magic {unknown}
 E - a potion of haste {unknown}
Comestibles
 b - 12 rations
 K - 6 chunks of flesh


   Skills:
 + Level 4.6 Fighting
 + Level 4.6 Dodging
 * Level 7.4 Unarmed Combat


You had 7 spell levels left.
You didn't know any spells.
Your spell library was empty.

Dungeon Overview and Level Annotations

Branches:
Dungeon (7/15)             Temple (0/1) D:5

Altars:
Dithmenos
Fedhas
Okawaru
Trog
Wu Jian

Shops:
D:4 *

Annotations:
D:7 1 transporter, kaychamo's ghost, novice SpHu


Innate Abilities, Weirdness & Mutations

You are too large for most types of armour.
You have claws for hands.
Your metabolism is lightning-fast.
You like to eat raw meat.
Your natural rate of healing is unusually fast.
You are covered in fur. (AC +1)
You have extremely tough skin. (AC +3)


Message History

Kaychamo's ghost says, "Still so attached to shiny items?"
Kaychamo's ghost hits you.
You closely miss the moth of wrath.
The moth of wrath is severely wounded.
The gnoll sergeant hits you from afar with a +2 spear of freezing!
The gnoll sergeant freezes you. The moth of wrath bites you!
Kaychamo's ghost closely misses you.
The gnoll sergeant hits you from afar with a +2 spear of freezing.
* * * LOW HITPOINT WARNING * * *
The gnoll sergeant freezes you.
* * * LOW HITPOINT WARNING * * *
You scratch the moth of wrath.
The moth of wrath is severely wounded.
You feel the effects of Trog's Hand fading.
The moth of wrath bites you.
* * * LOW HITPOINT WARNING * * *
Kaychamo's ghost hits you.
* * * LOW HITPOINT WARNING * * *
The moth of wrath bites you!
You die...

........... !..OZ..
##### #.©)### ##....##
###....# .##
#≈#....##.
.#...#.......#..
.#.....@.##.©#$.
#.#.###Wy!≈##.#.. #.#
#≈#g### ##.. #..#
###g..## ..
#######..## #..... .
#.........###...# ...
#.[.........#####.....
#.............©.......
#...................?.


You could see a moth of wrath, 2 gnoll sergeants, kaychamo's ghost and a howler
monkey skeleton.

Vanquished Creatures
  A sky beast (D:6)
  An ogre (D:7)
  2 bullfrogs (D:6)
  A scorpion (D:4)
  4 howler monkeys
  2 bullfrog zombies (D:5)
  3 hounds (D:5)
  A jelly (D:5)
  2 bullfrog skeletons
  7 worker ants
  2 hound skeletons
  3 gnolls (D:4)
  5 adders
  A shadow imp (D:5)
  2 oozes
  An adder skeleton (D:5)
  A worm (D:3)
  4 dart slugs
  A leopard gecko (D:6)
  4 orcs
  9 bats
  6 giant cockroaches
  6 goblins
  8 hobgoblins
  3 jackals (D:5)
  A quokka (D:4)
  2 ball pythons
  5 frilled lizards
  9 kobolds
  8 rats
105 creatures vanquished.

Notes
Turn   | Place    | Note
-------+----------+-------------------------------------------
     0 | D:1      | Iamsoldier the Troll Berserker began the quest for the Orb.
     0 | D:1      | Reached XP level 1. HP: 22/22 MP: 0/0
   107 | D:1      | Reached XP level 2. HP: 29/29 MP: 1/1
   575 | D:1      | Reached XP level 3. HP: 36/36 MP: 2/2
   826 | D:2      | Reached ** piety under Trog
  1386 | D:2      | Reached skill level 4 in Unarmed Combat
  1533 | D:3      | Reached XP level 4. HP: 40/44 MP: 3/3
  1706 | D:3      | Found an iron altar of Okawaru.
  2188 | D:4      | Reached XP level 5. HP: 31/53 MP: 4/4
  2282 | D:4      | Reached *** piety under Trog
  2505 | D:4      | Found Neluamosseapn's General Store.
  2529 | D:4      | Reached skill level 5 in Unarmed Combat
  2668 | D:5      | Entered Level 5 of the Dungeon
  2682 | D:5      | Reached XP level 6. HP: 57/61 MP: 5/5
  2886 | D:5      | Found a staircase to the Ecumenical Temple.
  2888 | D:5      | Reached skill level 6 in Unarmed Combat
  2888 | D:5      | Reached XP level 7. HP: 68/68 MP: 6/6
  3325 | D:6      | Found a bloodstained altar of Trog.
  3556 | D:6      | Found a shadowy altar of Dithmenos.
  3660 | D:6      | Found an ornate altar of the Wu Jian Council.
  3680 | D:6      | Got a ripped robe
  3690 | D:6      | Identified the +2 robe of the Morning {Int+2} (You found it
                  | on level 6 of the Dungeon)
  3885 | D:6      | Found a blossoming altar of Fedhas.
  3975 | D:7      | Found a transporter.
  3982 | D:7      | Reached skill level 7 in Unarmed Combat
  3991 | D:7      | Reached XP level 8. HP: 69/79 MP: 7/7
  3998 | D:7      | Noticed kaychamo's ghost (novice SpHu)
  4009 | D:7      | Found a bloodstained altar of Trog.
  4011 | D:7      | Noticed a moth of wrath
  4021 | D:7      | Found a transporter.
  4036 | D:7      | Slain by a moth of wrath

Levels and vault maps discovered:
D:1:      minmay_arrival_open_corners, layout_loops_ring
D:2:      layout_loops_corners, first_ration
D:3:      layout_basic, kennysheep_okawaru_gauntlet
D:4:      layout_loops_ring, serial_shops, shop
D:5:      layout_rooms, minmay_temple_entry_crystal_x, serial_rivers,
          chequers_serial_rivers_large_a, chequers_serial_rivers_room_b,
          chequers_serial_rivers_small_b, chequers_serial_rivers_micro_a,
          chequers_serial_rivers_marsh
D:6:      layout_loops_ring, nicolae_overflow_quartered_altars
D:7:      layout_basic, gammafunk_ghost_wrathful_warriors, uniq_menkaure

Skill      XL: |  1  2  3  4  5  6  7 |
---------------+----------------------+-----
Unarmed Combat | 4 5 6 7 |  7.4
Fighting       | 3 4 |  4.6
Dodging        | 3 4 |  4.6

Action                   |  1- 3 |  4- 6 |  7- 9 || total
-------------------------+-------+-------+-------++-------
Melee: Unarmed           |   109 |   104 |    69 ||   282
       Punch             |     1 |       |     1 ||     2
Throw: Boomerang         |       |     3 |       ||     3
Invok: Berserk           |       |       |     1 ||     1
       Trog's Hand       |       |       |     1 ||     1
  Use: Scroll            |       |     1 |       ||     1
 Stab: Sleeping          |     2 |       |       ||     2
  Eat: Chunk             |    19 |    13 |    10 ||    42
Armor: Animal skin       |    64 |    38 |    11 ||   113
       Robe              |       |       |     8 ||     8
Dodge: Dodged            |    56 |    57 |    38 ||   151
